 Dungeon Crawl Stone Soup version 0.28-a0-750-g7c675f85b1 (webtiles) character file.

Game seed: 16847701504993702234

310 bande the Covered (level 6, -2/39 HPs)
             Began as a Gargoyle Fighter on Oct 29, 2021.
             Slain by a bullfrog (4 damage)
             ... in a sewer.
             The game lasted 00:05:24 (4047 turns).

bande the Covered (Gargoyle Fighter)                Turns: 4047, Time: 00:05:25

Health: -2/39      AC: 14    Str: 20    XL:     6   Next: 41%
Magic:  6/6        EV:  7    Int:  9    God:
Gold:   106        SH:  4    Dex: 10    Spells: 5/5 levels left

rFire   . . .      SeeInvis .   a - +1 war axe
rCold   . . .      Faith    .   c - +0 buckler
rNeg    + . .      Spirit   .   i - +0 chain mail
rPois   ∞          Reflect  .   (no helmet)
rElec   +          Harm     .   (no cloak)
rCorr   .          Rampage  .   (no gloves)
Will    .....                   (no boots)
Stlth   ..........              (no amulet)
HPRegen 0.13/turn               (no ring)
MPRegen 0.10/turn               (no ring)

@: mighty, very slow
A: sickness immunity, AC +4, negative energy resistance 1, electricity
resistance, torment resistance 1, petrification resistance
a: no special abilities


You were in a sewer.
You visited 1 branch of the dungeon, and saw 3 of its levels.
You also visited: Sewer.

You collected 106 gold pieces.

Inventory:

Hand Weapons
 a - a +1 war axe (weapon)
 e - a +0 flail
Armour
 c - a +0 buckler (worn)
 i - a +0 chain mail (worn)
Scrolls
 b - 2 scrolls of identify
Potions
 f - a potion of brilliance


   Skills:
 + Level 4.4 Fighting
 + Level 4.1 Axes
 + Level 4.5 Armour
 - Level 0.1 Dodging
 + Level 4.3 Shields


You had 5 spell levels left.
You didn't know any spells.
Your spell library was empty.

Dungeon Overview and Level Annotations

Branches:
Dungeon (3/15)              Sewer (1/1)

Altars:
Gozag


Innate Abilities, Weirdness & Mutations

You are immune to sickness and miasma.
Your stone body is resilient. (AC +4)
You are immune to poison.
You resist negative energy. (rN+)
You are resistant to electric shocks. (rElec)
You are resistant to unholy torment.
You are immune to petrification.


Message History

You miss the bullfrog.
The bullfrog is lightly wounded.
You hit the frilled lizard.
You kill the frilled lizard!
You closely miss the bullfrog. The bullfrog hits you!
* * * LOW HITPOINT WARNING * * *
The bullfrog hits you but does no damage. x2
You block the bullfrog's attack.
Unknown command.
You feel very mighty all of a sudden.
The bullfrog hits you but does no damage.
You block the bullfrog's attack.
The bullfrog hits you but does no damage.
Unknown command.
Your unstable footing causes you to fumble your attack.
The bullfrog hits you but does no damage.
The bullfrog barely misses you.
The bullfrog hits you but does no damage.
You block the bullfrog's attack.
You miss the bullfrog.
The bullfrog is lightly wounded.
You slash the bullfrog!
You kill the bullfrog!
The bullfrog barely misses you.
The bullfrog hits you but does no damage.
Your Axes skill increases to level 4!
Unknown command.
Your unstable footing causes you to fumble your attack.
The bullfrog releases a deep croak.
The bullfrog hits you but does no damage.
The bullfrog closely misses you.
Unknown command.
Your unstable footing causes you to fumble your attack.
The bullfrog hits you but does no damage.
The bullfrog hits you.
* * * LOW HITPOINT WARNING * * *
You closely miss the bullfrog.
The bullfrog is lightly wounded.
The bullfrog hits you.
You die...

.≈#≈≈##≈≈≈≈≈≈..###≈.≈≈≈#
≈##≈≈#≈.≈....≈≈≈.#≈.≈≈.#
.#.≈##≈...≈.≈##..#≈≈≈≈≈#
≈#≈.# ≈.$/$l≈ #..#≈≈#..#
≈#≈≈# ≈..!..≈ #≈.#≈≈#.≈#
≈#≈≈# ≈≈?.≈≈≈ #≈≈##≈#≈.#
.#≈≈# ≈≈...≈. #≈≈.#≈#≈.#
≈#≈≈# ≈≈≈≈≈≈. #†F∩#≈#≈≈#
≈#..##≈≈.≈≈≈≈##≈@≈#≈#≈≈#
≈##≈.# #≈≈###≈#≈≈#
≈≈#≈≈## ##..#≈÷≈#≈.#
.≈#≈≈≈## ##≈≈≈#≈÷##.##
≈≈##≈≈≈#####≈÷≈##≈≈#≈.#
≈≈≈#≈≈.≈≈.≈≈≈÷.#≈≈≈#.∩#
#..##≈≈≈≈≈≈≈≈.##≈≈##††#
#.≈†##≈≈≈≈.≈≈##.≈≈#≈†##
#≈≈†.###≈≈≈###≈≈≈≈#≈≈#


You could see a bullfrog.

Vanquished Creatures
  A bullfrog (Sewer)
  13 adders
  A river rat (D:3)
  A worm (D:3)
  2 dart slugs (D:1)
  2 orcs
  21 ball pythons
  12 endoplasms
  16 giant cockroaches
  5 goblins
  2 hobgoblins (D:1)
  6 kobolds
  10 quokkas
  5 bats
  10 frilled lizards
  4 rats (D:3)
111 creatures vanquished.

Vanquished Creatures (others)
  4 plants (D:2)
4 creatures vanquished.

Grand Total: 115 creatures vanquished

Notes
Turn   | Place    | Note
-------+----------+-------------------------------------------
     0 | D:1      | bande the Gargoyle Fighter began the quest for the Orb.
     0 | D:1      | Reached XP level 1. HP: 14/14 MP: 1/1
     0 | D:1      | Noticed a black draconian
     2 | D:1      | Noticed a shadow dragon
     4 | D:1      | Noticed an ice dragon
     4 | D:1      | Noticed an iron dragon
     6 | D:1      | Noticed a large abomination
     7 | D:1      | Noticed a white draconian
     8 | D:1      | Noticed a red draconian
     9 | D:1      | Noticed an iron dragon
    11 | D:1      | Noticed an ice dragon
    15 | D:1      | Noticed a white draconian
    15 | D:1      | Noticed a shadow dragon
    17 | D:1      | Noticed a tentacled monstrosity
    17 | D:1      | Noticed an iron dragon
    21 | D:1      | Noticed an ice dragon
   115 | D:1      | Reached XP level 2. HP: 18/19 MP: 2/2
   660 | D:1      | Reached XP level 3. HP: 16/24 MP: 3/3
   911 | D:1      | Found a faded altar of an unknown god.
  1294 | D:2      | Found an opulent altar of Gozag.
  1536 | D:2      | Reached XP level 4. HP: 20/29 MP: 4/4
  2222 | D:3      | Found a glowing drain.
  2234 | D:3      | Reached XP level 5. HP: 33/33 MP: 5/5
  2251 | Sewer    | Entered a sewer
  3482 | Sewer    | Reached XP level 6. HP: 38/38 MP: 6/6
  4047 | Sewer    | Slain by a bullfrog

Illustrated notes

Levels and vault maps discovered:
D:1:      shiori_arrival_whats_in_store_for_you, layout_basic,
          shapermc_ecumenical_altar_acropolis, minmay_3d_cube
D:2:      layout_loops_ring, basic_altar, serial_bayou_pond_b, st_stairs_3
D:3:      layout_basic, portal_sewer_entry_c, serial_shops, shop_fountains,
          chequers_serial_rivers_micro_a
Sewer:    sewer_frog_island_02

Skill      XL: |  1  2  3  4  5  6 |
---------------+-------------------+-----
Axes           | 2 3 4 |  4.1
Fighting       | 4 |  4.4
Shields        | 4 |  4.3
Armour         | 4 |  4.5
Dodging        | |  0.1

Action                   |  1- 3 |  4- 6 || total
-------------------------+-------+-------++-------
Melee: War axe           |   110 |   305 ||   415
  Use: Scroll            |     3 |     2 ||     5
       Potion            |     3 |     1 ||     4
Armor: Scale mail        |    46 |       ||    46
       Chain mail        |    30 |   261 ||   291
Dodge: Dodged            |    44 |   155 ||   199
Block: Buckler           |    36 |    72 ||   108

Table legend: (Time is in decaauts)
 A = Elapsed time spent in this place.
 B = Non-inter-level travel time spent in this place.
 C = Inter-level travel time spent in this place.
 D = Time resting spent in this place.
 E = Time spent auto-exploring this place.
 F = Levels seen in this place.
 G = Mean time per level.
                   A        B        C        D        E       F      G
               +--------+--------+--------+--------+--------+-----+--------+
         Total |   4269 |   4248 |     21 |   1340 |   1913 |   4 | 1067.2 |
       Dungeon |   2332 |   2311 |     21 |    202 |   1560 |   3 |  777.3 |
         Sewer |   1937 |   1937 |      0 |   1138 |    353 |   1 | 1937.0 |
               +--------+--------+--------+--------+--------+-----+--------+

Top non-repeatable levels by time:
   Sewer: 1937 daAuts
     D:1: 1128 daAuts
     D:2: 958 daAuts
     D:3: 245 daAuts
